AoeStats
← Threadus

Scandinavia

510614110Analyzed
1v1 RM · 22h ago on Oct 1, 2026· 27m 25s· 2 players
Game mode
Random Map
Map size
Tiny (2 player)
Population
200
Speed
Normal
Resources
Standard
Victory
Conquest
Starting age
Dark Age
Ending age
Imperial Age
RankedLock teamsTeams togetherTeam positionsShared explorationLock speedFull tech treeHidden civsTurbo modeCheats
Victory
Defeat
🇮🇹 Varangians · Italy
790
+16
🇬🇧 Magyars · United Kingdom
796
-16
roccgnv
2:36 Loom
11:39 Feudal Age
12:05 Double-Bit Axe
12:23 Horse Collar
14:47 Stone Mining
19:24 Castle Age
20:52 Stone Shaft Mining
21:16 Husbandry
22:37 Wheelbarrow
22:45 Gold Mining
24:02 Scale Barding Armor
24:21 Forging
26:09 Bow Saw
Threadus
11:40 Feudal Age
12:36 Double-Bit Axe
12:37 Fishing Lines
14:31 Bloodlines
24:03 Castle Age
24:36 Gillnets
26:37 Wheelbarrow
Connection lost

Rejoining the realm…

Still unreachable

The connection could not be restored.

Session expired

The server has moved on; the page needs a fresh start.